 Dungeon Crawl Stone Soup version 0.30-a0-55-g90e3122c3a (webtiles) character file.

Game seed: 4601253282869339312

2926 AarnesTheHuman the Fighter (level 9, -8/96 HPs)
             Began as an Ogre Gladiator on Sept 9, 2022.
             Mangled by a wyvern (14 damage)
             ... on level 6 of the Dungeon.
             The game lasted 00:22:25 (10469 turns).

AarnesTheHuman the Fighter (Ogre Gladiator)        Turns: 10469, Time: 00:22:26

Health: -8/96      AC:  5    Str: 24    XL:     9   Next: 79%
Magic:  9/9        EV: 10    Int:  9    God:
Gold:   248        SH:  0    Dex: 10    Spells: 8/8 levels left

rFire   . . .      SeeInvis .    a - +2 whip (elec)
rCold   + . .      Faith    .    (no shield)
rNeg    . . .      Spirit   .    k - +0 robe
rPois   .          Reflect  .    c - +1 hat
rElec   .          Harm     .    h - +0 cloak
rCorr   .          Rampage  .    (gloves unavailable)
Will    .....                    (boots unavailable)
Stlth   +.........               (no amulet)
HPRegen 0.26/turn                w - ring of protection from cold
MPRegen 0.11/turn                (no ring)

@: weakened
A: large, unfitting armour, tough skin 1
a: no special abilities


You were on level 6 of the Dungeon.
You visited 2 branches of the dungeon, and saw 8 of its levels.
You also visited: Ossuary.

You collected 248 gold pieces.

Inventory:

Hand Weapons
 a - a +2 whip of electrocution (weapon)
 b - a +6 whip
 e - a +1 whip of freezing
 m - a +0 dagger
 n - a +0 sling
 B - a +0 flail
Missiles
 f - a throwing net
 l - 4 stones (quivered)
 s - 3 javelins
 y - a large rock
 C - 21 poisoned darts
Armour
 c - a +1 hat (worn)
 h - a +0 cloak (worn)
 k - a +0 robe (worn)
Jewellery
 w - a ring of protection from cold (left hand)
Wands
 d - a wand of digging (13)
 r - a wand of mindburst (6)
 t - a wand of roots (8)
Scrolls
 g - 2 scrolls of summoning {unknown}
 o - 2 scrolls of amnesia
 v - 3 scrolls of teleportation {unknown}
 z - a scroll of magic mapping
 A - 2 scrolls of identify
Potions
 i - 3 potions of heal wounds {unknown}
 j - 2 potions of ambrosia {unknown}
 p - 7 potions of curing
 q - a potion of mutation {unknown}
 u - 3 potions of berserk rage {unknown}
 x - a potion of resistance {unknown}
 D - a potion of haste {unknown}
 E - a potion of flight {unknown}


   Skills:
 - Level 8.0 Fighting
 + Level 7.5 Maces & Flails
 + Level 7.8 Throwing
 - Level 3.0 Armour
 - Level 4.0 Dodging


You had 8 spell levels left.
You didn't know any spells.
Your spell library was empty.

Dungeon Overview and Level Annotations

Branches:
Dungeon (7/15)             Temple (1/1) D:5         Ossuary (visited)

Altars:
Ashenzari
Dithmenos
Elyvilon
Fedhas
Hepliaklqana
Makhleb
Nemelex Xobeh
Qazlal
Ru
Trog
Uskayaw
Wu Jian
Yredelemnul
Zin
The Shining One

Shops:
D:5 [

Annotations:
D:3 exclusion: scorpion


Innate Abilities, Weirdness & Mutations

You are too large for most types of armour.
You have tough skin. (AC +1)


Message History

The wyvern is heavily wounded.
The gnoll hits you from afar with a +0 spear!
The gnoll hits you with a +0 spear. The wyvern closely misses you.
The gnoll bouda hits you with a +0 whip.
You are too injured to fight recklessly!
The gnoll hits you from afar with a +0 spear.
The gnoll bouda attacks as you move away!
The gnoll bouda barely misses you.
The gnoll bouda gazes fiercely through you!
You feel as though you will be weak longer.
The wyvern barely misses you.
The gnoll hits you from afar with a +0 spear.
The gnoll bouda gazes fiercely through you!
You feel as though you will be weak longer.
There is an open door here.
The gnoll bouda attacks as you move away!
The gnoll bouda hits you with a +0 whip.
The wyvern barely misses you.
The wyvern bites you but does no damage.
The wyvern bites you.
The gnoll bouda gazes fiercely through you!
You feel as though you will be weak longer.
The wyvern attacks as you move away! The wyvern bites you.
* * * LOW HITPOINT WARNING * * *
The wyvern bites you!
* * * LOW HITPOINT WARNING * * *
There is a stone staircase leading up, spattered with blood here.
The gnoll is no longer moving quickly.
The wyvern bites you!
* * * LOW HITPOINT WARNING * * *
The gnoll bouda barks out a call to the hunt!
The gnolls pick up the pace!
You climb upwards.
There is a stone staircase leading down here.
You are too injured to fight recklessly!
You are too injured to fight recklessly!
You are too injured to fight recklessly!
You barely miss the wyvern.
The wyvern is heavily wounded.
The wyvern bites you!
You die...

...........................## #.
.......#............<.......####.
.##...##....................##...
###..###......................[.#
###..# ##.......................#
##.)## #.......................#
#..## #.......................#
..## #.......................#
.## ##.....l@...............#
..###### #.......................
.......####......................
##......###......................
######..###.....................
##### ##..##...................#.
....# ##..##..................#.
###.## ##.....................#.
##.### ##...................##.


You could see a wyvern.

Vanquished Creatures
  Pikel (D:4)
  A troll (D:6)
  Grinder (D:6)
  Menkaure (D:4)
  A water moccasin (D:5)
  A black bear (D:6)
  2 ice beasts
  A lemure (D:4)
  A phantom (Temple)
  A kobold brigand (D:6)
  2 elf zombies (Ossuary)
  2 necrophages
  2 scorpions (D:5)
  4 wights (D:7)
  3 hounds
  2 centaur zombies (Ossuary)
  2 jellies
  A gnoll bouda (D:6)
  2 orc priests (D:5)
  3 human zombies (Ossuary)
  5 iguanas
  4 orc wizards
  3 mummies
  7 gnolls
  2 adders
  A white imp (D:7)
  An ufetubus (D:6)
  2 worms
  4 dart slugs
  16 orcs
  9 endoplasms
  2 giant cockroaches
  4 goblins
  5 hobgoblins
  6 jackals
  3 quokkas
  4 ball pythons
  5 bats
  3 frilled lizards
  2 goblin zombies (Ossuary)
  5 hobgoblin zombies (Ossuary)
  17 kobolds
  11 kobold zombies (Ossuary)
  10 orc zombies (Ossuary)
  10 rats
175 creatures vanquished.

Notes
Turn   | Place    | Note
-------+----------+-------------------------------------------
     0 | D:1      | AarnesTheHuman the Ogre Gladiator began the quest for the
                  | Orb.
     0 | D:1      | Reached XP level 1. HP: 22/22 MP: 1/1
   190 | D:1      | Reached XP level 2. HP: 22/29 MP: 2/2
   434 | D:1      | Reached XP level 3. HP: 34/36 MP: 3/3
  1539 | D:2      | Found a faded altar of an unknown god.
  2265 | D:2      | Reached XP level 4. HP: 26/44 MP: 4/4
  2850 | D:3      | Found a stormy altar of Qazlal.
  2939 | D:3      | Found a broken altar of Ashenzari.
  3078 | D:3      | Noticed a scorpion
  3192 | D:2      | Reached skill level 5 in Maces & Flails
  3353 | D:2      | Reached XP level 5. HP: 46/52 MP: 5/5
  3392 | D:3      | Reached skill level 3 in Fighting
  4021 | D:4      | Noticed Pikel
  4021 | D:4      | Noticed a lemure
  4022 | D:4      | Noticed a lemure
  4022 | D:4      | Noticed a lemure
  4023 | D:4      | Noticed a lemure
  4044 | D:4      | Killed a lemure
  4052 | D:4      | Killed Pikel
  4053 | D:4      | Reached skill level 4 in Fighting
  4053 | D:4      | Reached skill level 5 in Throwing
  4053 | D:4      | Reached skill level 5 in Fighting
  4053 | D:4      | Reached XP level 6. HP: 4/66 MP: 6/6
  4053 | D:4      | Reached XP level 7. HP: 5/72 MP: 7/7
  4735 | D:4      | Reached skill level 6 in Fighting
  4923 | D:4      | Noticed Menkaure
  4928 | D:4      | Killed Menkaure
  4929 | D:4      | Reached skill level 1 in Armour
  5331 | D:5      | Entered Level 5 of the Dungeon
  5422 | D:5      | Found a sand-covered staircase.
  5430 | Ossuary  | Entered an ossuary
  5924 | Ossuary  | Reached XP level 8. HP: 54/83 MP: 8/8
  6920 | D:5      | Found a staircase to the Ecumenical Temple.
  6926 | Temple   | Entered the Ecumenical Temple
  7563 | D:5      | Found Cocruass's Armour Shoppe.
  7580 | D:5      | Reached skill level 7 in Fighting
  8091 | D:6      | Identified the +0 helmet of Quiescent Curiosity {*Corrode
                  | Str+4}
  8099 | D:6      | Noticed Grinder
  8136 | D:5      | HP: 4/87 [scorpion (4)]
  8138 | D:5      | Reached XP level 9. HP: 4/93 MP: 9/9
  8141 | D:5      | HP: 2/93 [poisoned by a scorpion]
  8518 | D:6      | Paralysed by Grinder for 4 turns
  8526 | D:6      | Killed Grinder
  8527 | D:6      | Reached skill level 8 in Fighting
  8668 | D:6      | Noticed a troll
  8673 | D:6      | Killed a troll
  8930 | D:6      | Found a white marble altar of Elyvilon.
  9884 | D:6      | Identified the +3 great sword of Lewn {protect, rF+ rC+
                  | Will+}
 10469 | D:6      | Mangled by a wyvern

Illustrated notes

Levels and vault maps discovered:
D:1:      ncdulo_halloftheorcs, layout_basic
D:2:      layout_loops_ring, ebering_ecumenical_altar_abandoned
D:3:      layout_loops_ring, nicolae_qazlal_scattered_showers,
          cheibrodos_ashenzari_chains
D:4:      layout_gridville, uniq_menkaure, uniq_pikel
D:5:      layout_loops_ring, gup_ossuary_entry_pyramid, serial_shops, shop
D:6:      layout_layer_cave, elyvilon_altar_4, uniq_grinder
D:7:      layout_gridville, mainiacjoe_overflow_catch_the_wave,
          gammafunk_ghost_wrathful_warriors, roderic_lattice_a,
          uniq_prince_ribbit1
Temple:   chequers_temple_sunken

Skill      XL: |  1  2  3  4  5  6  7  8  9 |
---------------+----------------------------+-----
Maces & Flails | 3 4 5 6 7 |  7.5
Fighting       | 5 6 7 8 |  8.0
Throwing       | 5 6 7 |  7.8
Armour         | 2 3 |  3.0
Dodging        | 3 4 |  4.0

Action                   |  1- 3 |  4- 6 |  7- 9 || total
-------------------------+-------+-------+-------++-------
Melee: Flail             |   101 |     5 |       ||   106
       Dagger            |     7 |       |       ||     7
       Punch             |     2 |       |     1 ||     3
       Whip              |       |    69 |   356 ||   425
Throw: Stone             |     4 |     4 |    16 ||    24
       Javelin           |       |     3 |    12 ||    15
       Throwing net      |       |     3 |     3 ||     6
       Large rock        |       |     1 |     5 ||     6
       Dart              |       |       |     5 ||     5
Evoke: Wand              |       |     1 |     8 ||     9
  Use: Scroll            |       |     6 |     6 ||    12
       Potion            |       |       |     1 ||     1
 Stab: Held in net/web   |       |     2 |       ||     2
Armor: Robe              |    29 |    22 |    83 ||   134
Dodge: Dodged            |    48 |    52 |   173 ||   273

Table legend: (Time is in decaauts)
 A = Elapsed time spent in this place.
 B = Non-inter-level travel time spent in this place.
 C = Inter-level travel time spent in this place.
 D = Time resting spent in this place.
 E = Time spent auto-exploring this place.
 F = Levels seen in this place.
 G = Mean time per level.
                   A        B        C        D        E       F      G
               +--------+--------+--------+--------+--------+-----+--------+
         Total |  10464 |  10133 |    331 |   2380 |   6012 |   9 | 1162.7 |
       Dungeon |   9113 |   8797 |    316 |   1821 |   5754 |   7 | 1301.9 |
        Temple |    264 |    249 |     15 |      0 |    238 |   1 |  264.0 |
       Ossuary |   1085 |   1085 |      0 |    559 |     20 |   1 | 1085.0 |
               +--------+--------+--------+--------+--------+-----+--------+

Top non-repeatable levels by time:
     D:5: 1931 daAuts
     D:6: 1605 daAuts
     D:1: 1472 daAuts
     D:2: 1460 daAuts
     D:3: 1352 daAuts
     D:4: 1103 daAuts
 Ossuary: 1085 daAuts
  Temple: 264 daAuts
     D:7: 187 daAuts
